 Dungeon Crawl Stone Soup version 0.21-a0-437-ge5bf024 (webtiles) character file.

609 grizmgrazm2 the Skirmisher (level 7, -5/58 HPs)
             Began as a Mummy Conjurer on Nov 9, 2017.
             Slain by an ogre
             ... wielding a +0 giant club
              (9 damage)
             ... on level 4 of the Dungeon.
             The game lasted 00:15:47 (5869 turns).

grizmgrazm2 the Skirmisher (Mummy Conjurer)         Turns: 5869, Time: 00:15:49

Health: -5/58      AC:  6    Str: 12    XL:     7   Next: 19%
Magic:  7/12       EV: 10    Int: 16    God:
Gold:   299        SH:  6    Dex: 12    Spells: 11/12 levels left

rFire    x . .     SeeInvis .   c - +8 club
rCold    + . .     Gourm    .   a - +2 buckler (curse)
rNeg     + + +     Faith    .   e - +0 ring mail
rPois    ∞         Spirit   .   d - +0 helmet
rElec    .         Reflect  .   (no cloak)
rCorr    .         Harm     .   (no gloves)
MR       .....                  (no boots)
Stlth    +.........             (no amulet)
HPRegen  0.19/turn              (no ring)
MPRegen  0.13/turn              (no ring)

@: very slightly contaminated
A: no food or potions, fire vulnerability, cold resistance 1, negative energy
resistance 3, torment resistance, unbreathing
a: no special abilities


You were on level 4 of the Dungeon.
You were not hungry.

You visited 1 branch of the dungeon, and saw 5 of its levels.

You collected 299 gold pieces.

Inventory:

Hand Weapons
 c - a +8 club (weapon)
 h - a +4 dagger
Armour
 a - a cursed +2 buckler (worn)
 d - a +0 helmet (worn)
 e - a +0 ring mail (worn)
Jewellery
 f - a cursed ring of loudness {unknown}
Wands
 i - a wand of polymorph (9/24)
Scrolls
 g - 2 scrolls of identify
 j - a scroll of remove curse {unknown}
Books
 b - a book of Conjurations

   Spells                             Type                      Level
   a - Magic Dart                     Conjuration                  1
   b - Searing Ray                    Conjuration                  2
   c - Dazzling Spray                 Conjuration/Hexes            3
   d - Fulminant Prism                Conjuration/Hexes            4
   e - Force Lance                    Conjuration/Translocation    4
   f - Iskenderun's Mystic Blast      Conjuration                  4


   Skills:
 * Level 6.0 Fighting
 - Level 1.5 Dodging
 - Level 1.5 Stealth
 + Level 3.0 Shields
 - Level 3.3 Spellcasting
 - Level 3.6 Conjurations


You had 11 spell levels left.
You knew the following spells:

 Your Spells              Type           Power        Failure   Level  Hunger
a - Magic Dart            Conj           ##..         11%         1    N/A

Dungeon Overview and Level Annotations

Branches:
Dungeon (5/15)
 Temple: D:4-7

Altars:
Cheibriados
Nemelex Xobeh
Okawaru
Ru
Sif Muna
Trog
The Shining One

Annotations:
D:4 tof's ghost, amateur MiMo


Innate Abilities, Weirdness & Mutations

You do not eat or drink.
Your flesh is vulnerable to fire.
You are immune to poison.
Your flesh is cold resistant. (rC+)
You are immune to negative energy. (rN+++)
You are immune to unholy pain and torment.
You can survive without breathing.


Message History

Casting: Magic Dart
Confirm with . or Enter, or press ? or * to list all spells.
Aiming: Magic Dart
Press: ? - help, Shift-Dir - straight line, f/p - ogre
Aim: an ogre, wielding a giant club (heavily wounded)
The magic dart hits the ogre.
The ogre is heavily wounded.
The ogre hits you with a giant club!!
* * * LOW HITPOINT WARNING * * *
You barely miss the ogre.
The ogre is heavily wounded.
The ogre closely misses you.
You hit the ogre.
The ogre is severely wounded.
The ogre hits you with a giant club.
* * * LOW HITPOINT WARNING * * *
You hit the ogre.
The ogre is almost dead.
The ogre hits you with a giant club!
You die...

##..%.#......#
##....#...[(.#
#............#
#.....###'#########
#...#.# #.# #.....#
#.#.#.###.###.###.###
#.#...#.....#.#.....#
#.##[.#.#.#.#.#.#.#.#
#.##.@#.#...#.#.#.#.##
#.###.O.....#.....#...
#.# #[..###)..###..###
#.# #........##.##....
######.#
#...##..##...##...
#......#
#..##..##.._..##..
#.######
#.....##..^...^##. #.#
##.#.##^.^.^....## #.#
#...#.^.#####...#


You could see an ogre.

Vanquished Creatures
  A phantom (D:4)
  3 ogres
  A hound (D:3)
  2 orc wizards
  Robin (D:4)
  6 adders
  2 oozes
  An adder skeleton (D:4)
  2 worms (D:2)
  3 dart slugs
  2 leopard geckos
  7 orcs
  8 giant cockroaches
  18 goblins
  6 hobgoblins
  6 jackals
  3 quokkas
  2 ball pythons
  6 bats
  2 frilled lizards
  4 kobolds
  A leopard gecko skeleton (D:4)
  A quokka skeleton (D:4)
  8 rats
96 creatures vanquished.

Notes
Turn   | Place    | Note
-------+----------+-------------------------------------------
     0 | D:1      | grizmgrazm2 the Mummy Conjurer began the quest for the Orb.
     0 | D:1      | Reached XP level 1. HP: 13/13 MP: 4/4
   238 | D:1      | Reached skill level 1 in Fighting
   387 | D:1      | Reached XP level 2. HP: 19/21 MP: 5/5
  1150 | D:1      | Reached XP level 3. HP: 27/27 MP: 4/7
  1293 | D:1      | Reached skill level 2 in Fighting
  1585 | D:2      | Reached XP level 4. HP: 24/34 MP: 6/9
  1975 | D:2      | Found a deep blue altar of Sif Muna.
  2215 | D:2      | Reached skill level 3 in Fighting
  2274 | D:2      | Found a glowing golden altar of the Shining One.
  2616 | D:2      | Reached skill level 1 in Shields
  2832 | D:3      | Reached XP level 5. HP: 31/41 MP: 0/10
  2965 | D:3      | Found a sparkling altar of Nemelex Xobeh.
  3307 | D:3      | Noticed an ogre
  3327 | D:3      | Killed an ogre
  3327 | D:3      | Reached skill level 4 in Fighting
  3694 | D:4      | Noticed a phantom
  3865 | D:4      | Killed a phantom
  3865 | D:4      | Reached XP level 6. HP: 41/50 MP: 0/11
  3979 | D:4      | Noticed tof's ghost (amateur MiMo)
  3999 | D:4      | Reached skill level 5 in Fighting
  4494 | D:4      | Noticed Robin
  4620 | D:4      | Killed Robin
  4881 | D:4      | Found an iron altar of Okawaru.
  4881 | D:4      | Found a snail-covered altar of Cheibriados.
  4949 | D:5      | Entered Level 5 of the Dungeon
  5227 | D:4      | Reached XP level 7. HP: 22/57 MP: 1/12
  5462 | D:4      | Found a sacrificial altar of Ru.
  5615 | D:4      | Found a sparkling altar of Nemelex Xobeh.
  5722 | D:5      | Found a bloodstained altar of Trog.
  5758 | D:4      | Reached skill level 6 in Fighting
  5869 | D:4      | Slain by an ogre

Vault maps used:
D:1:      dpeg_arrival_simpleton_c
D:2:      lemuel_blue_sif_altar, tso_oasis_becter, roderic_malta_cross
D:3:      old_standard_altar
D:4:      nicolae_ru_the_path_less_chosen, gammafunk_temple_overflow_wave,
          first_bread, nemelex_spade_bored_becter, uniq_robin
D:5:      kennysheep_ying_yang, kennysheep_mini_moat

Skill      XL: |  1  2  3  4  5  6  7 |
---------------+----------------------+-----
Fighting       | 1 2 3 4 5 6 |  6.0
Spellcasting   | 3 |  3.3
Shields        | 1 2 3 |  3.0
Dodging        | |  1.5
Stealth        | |  1.5
Conjurations   | |  3.6

Action                   |  1- 3 |  4- 6 |  7- 9 || total
-------------------------+-------+-------+-------++-------
Melee: Club              |    83 |    33 |    21 ||   137
       Short sword       |     9 |    35 |       ||    44
       Mace              |       |    23 |       ||    23
       Dagger            |       |    38 |       ||    38
 Cast: Magic Dart        |    42 |   177 |     9 ||   228
  Use: Scroll            |       |    10 |       ||    10
Armor: Ring mail         |    44 |    49 |     8 ||   101
Dodge: Dodged            |    66 |    80 |     7 ||   153
Block: Buckler           |     5 |    41 |     4 ||    50

Table legend:
 A = Spawn XP
 B = Non-spawn XP
 C = Spawn XP percentage of total XP
 D = Spawn monster count
 E = Non-spawn monster count
 F = Spawn count percentage of total count
 G = Total turns spent on level
                    A         B        C        D         E        F      G
               +---------+---------+-------+---------+---------+-------+---------
         Total |       0 |     871 |   0.0 |       0 |      96 |   0.0 |  5869
               +---------+---------+-------+---------+---------+-------+---------
           D:1 |       0 |      57 |   0.0 |       0 |      25 |   0.0 |  1377
           D:2 |       0 |     103 |   0.0 |       0 |      27 |   0.0 |  1429
           D:3 |       0 |     223 |   0.0 |       0 |      13 |   0.0 |  1400
           D:4 |       0 |     474 |   0.0 |       0 |      27 |   0.0 |  1346
           D:5 |       0 |      14 |   0.0 |       0 |       4 |   0.0 |   317
               +---------+---------+-------+---------+---------+-------+---------
